 Dungeon Crawl Stone Soup version 0.31-a0-233-g139696dc86 (webtiles) character file.

Game seed: 11996399015669841847

2903 qw the Skirmisher (level 9, -2/79 HPs)
             Began as a Minotaur Hexslinger on July 7, 2023.
             Succumbed to a gnoll sergeant's poison
             ... on level 8 of the Dungeon.
             The game lasted 00:03:33 (7844 turns).

qw the Skirmisher (Minotaur Hexslinger)             Turns: 7844, Time: 00:03:34

Health: -2/79      AC: 14    Str: 13    XL:     9   Next: 49%
Magic:  9/9        EV: 12    Int: 10    God:
Gold:   337        SH:  0    Dex: 17    Spells: 9/10 levels left

rFire   . . .        Y - +2 orcbow
rCold   + + +        (shield currently unavailable)
rNeg    . . .        e - +2 ring mail "Laleshol" {-Cast rC+++ SInv}
rPois   .            (helmet restricted)
rElec   .            f - +0 cloak
rCorr   .            i - +1 pair of gloves
SInv    +            (no boots)
Will    .....        b - amulet of faith
Stlth   +            d - +4 ring of protection
HPRegen 0.33/turn    (no ring)
MPRegen 0.11/turn

%: no spellcasting, faith
@: lethally poisoned (-2 -> -13)
A: horns 2, retaliatory headbutt
a: no special abilities


You were on level 8 of the Dungeon.
You visited 2 branches of the dungeon, and saw 9 of its levels.

You collected 391 gold pieces.
You spent 54 gold pieces at shops.


Innate Abilities, Weirdness & Mutations

You have a pair of horns on your head.
You reflexively headbutt those who attack you in melee.


   Skills:
 + Level 7.5 Fighting
 - Level 12.0 Ranged Weapons
 - Level 3.1 Armour
 - Level 4.0 Dodging
 - Level 1.0 Spellcasting
 - Level 2.0 Hexes


You had 9 spell levels left.
You knew the following spells:

 Your Spells              Type           Power      Damage    Failure   Level
a - Slow                  Hex            16%        N/A       30%         1

Your spell library contained the following spells:

 Spells                   Type           Power      Damage    Failure   Level
 Inner Flame              Hex/Fire       2%         N/A       80%         3
 Portal Projectile        Hex/Tloc       4%         N/A       80%         3
 Cause Fear               Hex            2%         N/A       97%         4

Inventory:

Hand Weapons
 Y - a +2 orcbow (weapon)
Armour
 e - the +2 ring mail "Laleshol" (worn) {-Cast rC+++ SInv}
   (You found it on level 2 of the Dungeon)

   rC:        It renders you almost immune to cold.
   SInv:      It lets you see invisible.
   -Cast:     It prevents spellcasting.
 f - a +0 cloak (worn)
 i - a +1 pair of gloves (worn)
Jewellery
 b - an amulet of faith (around neck)
 d - a +4 ring of protection (left hand)
 h - an amulet of the acrobat
Scrolls
 j - a scroll of identify
Potions
 a - a potion of resistance
 c - 3 potions of curing
 k - a potion of enlightenment
 m - a potion of ambrosia {unknown}

Dungeon Overview and Level Annotations

Branches:
Dungeon (8/15)             Temple (1/1) D:7
   Lair: D:8-11

Altars:
Ashenzari
Cheibriados
Dithmenos
Elyvilon
Fedhas
Gozag
Hepliaklqana
Kikubaaqudgha
Makhleb
Nemelex Xobeh
Okawaru
Qazlal
Ru
Sif Muna
Uskayaw
Vehumet
Wu Jian
Yredelemnul
Zin

Shops:
D:2 [

Annotations:
D:6 3 runed translucent doors, qw's ghost, amateur MiHs


Message History

You feel strangely unstable.
You feel very sick.
The gnoll throws a boomerang.
The boomerang hits you but does no damage.
The gnoll sergeant hits you but does no damage.
You are more poisoned.
7838 ||| DRINKING potion of heal wounds.
You feel much better.
You feel very sick. The gnoll misses you.
The gnoll sergeant hits you with a +3 spear of venom.
You are more poisoned.
You shoot an arrow. The arrow hits the gnoll sergeant.
The gnoll sergeant is almost dead.
You feel extremely sick. The gnoll closely misses you.
The gnoll sergeant hits you with a +3 spear of venom.
You are more poisoned.
You shoot an arrow.
The arrow barely misses the gnoll sergeant.
Your surroundings suddenly seem different.
Found an iron altar of Okawaru.
You feel extremely sick.
Enter note:
Enter note:
7841 ||| PLANNING OKAWARU WORSHIP
7841 ||| Stepping ~*~*~tactically~*~*~ (outnumbered).
You feel very sick.
Enter note:
Enter note: You shoot an arrow.
The arrow barely misses the gnoll.
You feel very sick. The gnoll closely misses you.
You shoot an arrow. The arrow hits the gnoll.
The gnoll is heavily wounded.
You feel very sick.
The gnoll throws a boomerang.
The boomerang hits you but does no damage.
You shoot an arrow. The arrow barely misses the gnoll.
You die...

#...)#
#....####.#
#....'....#
#...)########
#............
........g.......
.#######g...$...
................
...~~~~@.PP...._
#...............
########........
#........
#........
.........
.....###. .....#
#######


You could see a gnoll sergeant and a gnoll.

Vanquished Creatures
  Grum (D:7)
  Edmund (D:4)
  An ice beast (D:4)
  A black bear (D:7)
  A sky beast (D:6)
  A wolf (D:7)
  2 centaurs
  A phantom (D:6)
  2 kobold brigands
  3 bullfrogs
  2 gnoll sergeants (D:7)
  A scorpion (D:5)
  An electric eel (D:7)
  A quasit (D:4)
  3 orc priests
  2 sleepcaps
  15 hounds
  3 gnoll boudas
  5 iguanas
  3 orc wizards
  A statue (D:7)
  38 gnolls
  5 adders
  2 white imps (D:4)
  4 ufetubi (D:4)
  5 dart slugs
  2 worms
  17 orcs
  8 ball pythons
  4 bats
  3 endoplasms
  4 giant cockroaches
  8 goblins
  10 hobgoblins
  10 jackals
  3 quokkas
  2 frilled lizards
  18 kobolds
  5 rats
199 creatures vanquished.

Vanquished Creatures (others)
  A dart slug (D:5)
1 creature vanquished.

Grand Total: 200 creatures vanquished

Notes
Turn   | Place    | Note
-------+----------+-------------------------------------------
     0 | D:1      | qw the Minotaur Hexslinger began the quest for the Orb.
     0 | D:1      | Reached XP level 1. HP: 16/16 MP: 1/1
     0 | D:1      | 0 ||| qw: Version: 0.3-a-46-gb1f654a
     0 | D:1      | 0 ||| qw: Game counter: 3131
     0 | D:1      | 0 ||| qw: Melee chars always use a shield: true
     0 | D:1      | 0 ||| qw: God list: Okawaru
     0 | D:1      | 0 ||| qw: Allow faded altars: false
     0 | D:1      | 0 ||| qw: Do Orc after clearing Dungeon:15 true
     0 | D:1      | 0 ||| qw: Do second Lair branch before Depths: true
     0 | D:1      | 0 ||| qw: Lair rune preference: random
     0 | D:1      | 0 ||| qw: Goals: Normal
     0 | D:1      | 0 ||| PLANNING D:1-11
    53 | D:1      | 53 ||| FLEEEEING.
    60 | D:1      | 60 ||| FLEEEEING.
    75 | D:1      | Reached skill level 3 in Ranged Weapons
   112 | D:1      | Reached XP level 2. HP: 23/23 MP: 2/2
   329 | D:1      | Reached XP level 3. HP: 29/29 MP: 3/3
   592 | D:1      | Found a faded altar of an unknown god.
   805 | D:1      | 805 ||| UPGRADING to +4 ring of protection.
   806 | D:1      | 806 ||| READING scroll labelled FYROIT DOMPUTS.
   807 | D:1      | 807 ||| READING scroll labelled KOMIUL AMODWE.
   808 | D:1      | 808 ||| DROPPING scroll of poison.
   828 | D:2      | Reached skill level 4 in Ranged Weapons
   843 | D:2      | Identified the +2 ring mail "Laleshol" {-Cast rC+++ SInv}
  1109 | D:2      | Found Zenautuf's Armour Emporium.
  1109 | D:2      | Noticed an animated pearl dragon scales
  1111 | D:2      | Noticed an animated shadow dragon scales
  1120 | D:2      | 1120 ||| BUYING +0 cloak (54 gold).
  1120 | D:2      | Bought a +0 cloak for 54 gold pieces
  1120 | D:2      | 1120 ||| SHOPLISTING +1 pair of gloves of strength (198
                  | gold, have 11).
  1380 | D:2      | 1380 ||| UPGRADING to +2 ring mail "Laleshol" {-Cast rC+++
                  | SInv}.
  1390 | D:2      | 1390 ||| DROPPING +0 robe.
  1391 | D:2      | 1391 ||| UPGRADING to +0 cloak.
  1396 | D:2      | 1396 ||| UPGRADING to amulet of faith.
  1401 | D:2      | 1401 ||| READING 2 scrolls labelled PONWYISAFU.
  1405 | D:2      | 1405 ||| DRINKING 2 white potions.
  1406 | D:2      | 1406 ||| DROPPING potion of attraction.
  1444 | D:3      | 1444 ||| STAIRDANCE
  1447 | D:2      | Reached XP level 4. HP: 33/36 MP: 4/4
  1491 | D:3      | 1491 ||| Stepping ~*~*~tactically~*~*~ (outnumbered).
  1497 | D:3      | Reached skill level 1 in Armour
  2067 | D:3      | 2067 ||| UPGRADING to +0 pair of gloves.
  2072 | D:3      | 2072 ||| READING scroll labelled BITORY NUQ TIS.
  2073 | D:3      | 2073 ||| READING 2 scrolls labelled BACARR BEERO.
  2124 | D:4      | Reached skill level 5 in Ranged Weapons
  2131 | D:4      | Noticed an ice beast
  2146 | D:4      | Killed an ice beast
  2147 | D:4      | Reached XP level 5. HP: 45/47 MP: 5/5
  2191 | D:4      | Reached XP level 6. HP: 53/53 MP: 6/6
  2211 | D:4      | 2211 ||| Stepping ~*~*~tactically~*~*~ (outnumbered).
  2224 | D:4      | HP: 5/53 [ogre/+0 giant club (30)]
  2225 | D:4      | 2225 ||| READING scroll of teleportation.
  2485 | D:4      | Reached skill level 6 in Ranged Weapons
  2632 | D:4      | Noticed Edmund
  2656 | D:4      | Killed Edmund
  2657 | D:4      | Reached skill level 7 in Ranged Weapons
  2657 | D:4      | Reached XP level 7. HP: 32/60 MP: 7/7
  3024 | D:4      | 3024 ||| READING scroll of enchant weapon.
  3024 | D:4      | 3024 ||| ENCHANTING +2 sling.
  3139 | D:4      | 3139 ||| READING scroll labelled ULIOPSIUNAA.
  3140 | D:4      | 3140 ||| READING 2 scrolls labelled HIETSO SOCEM.
  3141 | D:4      | 3141 ||| READING scroll of enchant armour.
  3141 | D:4      | 3141 ||| ENCHANTING +0 pair of gloves.
  3142 | D:4      | 3142 ||| READING scroll labelled BAEHIHOGGUZ.
  3149 | D:5      | Entered Level 5 of the Dungeon
  3318 | D:5      | Reached skill level 8 in Ranged Weapons
  3619 | D:5      | 3619 ||| Stepping ~*~*~tactically~*~*~ (outnumbered).
  3621 | D:5      | 3621 ||| Stepping ~*~*~tactically~*~*~ (outnumbered).
  3622 | D:5      | 3622 ||| Stepping ~*~*~tactically~*~*~ (outnumbered).
  4310 | D:5      | Found a hazy altar of Hepliaklqana.
  4364 | D:5      | 4364 ||| DRINKING 2 blue potions.
  4365 | D:5      | 4365 ||| READING 2 scrolls of identify.
  4365 | D:5      | 4365 ||| IDENTIFYING metallic coppery potion
  4404 | D:6      | 4404 ||| STAIRDANCE
  4443 | D:6      | 4443 ||| STAIRDANCE
  4448 | D:5      | Reached skill level 9 in Ranged Weapons
  4448 | D:5      | Reached XP level 8. HP: 48/68 MP: 8/8
  4456 | D:5      | Reached skill level 3 in Dodging
  4536 | D:5      | 4536 ||| SWAPPING to +0 orcbow.
  4537 | D:5      | 4537 ||| DROPPING +3 sling.
  4822 | D:6      | Found a hide-covered altar of Uskayaw.
  4846 | D:6      | Reached skill level 6 in Fighting
  5359 | D:6      | 5359 ||| READING scroll of enchant weapon.
  5359 | D:6      | 5359 ||| ENCHANTING +0 orcbow.
  5433 | D:6      | Found a runed translucent gate.
  5434 | D:6      | Found a runed translucent gate.
  5434 | D:6      | Noticed a kobold demonologist
  5435 | D:6      | Found a runed translucent gate.
  5437 | D:6      | Noticed qw's ghost (amateur MiHs)
  5701 | D:7      | 5701 ||| FLEEEEING.
  5704 | D:7      | 5704 ||| FLEEEEING.
  5705 | D:7      | 5705 ||| STAIRDANCE
  5746 | D:6      | 5746 ||| READING 2 scrolls of identify.
  5746 | D:6      | 5746 ||| IDENTIFYING brown potion
  5780 | D:7      | 5780 ||| STAIRDANCE
  5848 | D:7      | 5848 ||| FLEEEEING.
  5849 | D:7      | 5849 ||| STAIRDANCE
  5938 | D:7      | 5938 ||| FLEEEEING.
  5959 | D:7      | 5959 ||| FLEEEEING.
  5960 | D:7      | 5960 ||| STAIRDANCE
  6031 | D:7      | 6031 ||| FLEEEEING.
  6032 | D:7      | 6032 ||| STAIRDANCE
  6140 | D:7      | Found a shimmering blue altar of Sif Muna.
  6165 | D:7      | Reached skill level 10 in Ranged Weapons
  6222 | D:7      | Reached skill level 3 in Armour
  6261 | D:7      | Noticed Grum
  6267 | D:7      | Killed Grum
  6409 | D:7      | Identified the +1 plate armour of Card Tricks {rC+}
  6419 | D:7      | Reached XP level 9. HP: 75/79 MP: 9/9
  6431 | D:7      | Found a blossoming altar of Fedhas.
  6495 | D:7      | Found a radiant altar of Vehumet.
  6591 | D:7      | 6591 ||| FLEEEEING.
  6592 | D:7      | 6592 ||| FLEEEEING.
  6715 | D:7      | 6715 ||| FLEEEEING.
  6716 | D:7      | 6716 ||| FLEEEEING.
  6717 | D:7      | 6717 ||| FLEEEEING.
  6753 | D:7      | Found a staircase to the Ecumenical Temple.
  6754 | D:7      | 6754 ||| PLANNING TEMPLE
  6757 | D:7      | 6757 ||| FLEEEEING.
  6758 | D:7      | 6758 ||| FLEEEEING.
  6759 | D:7      | 6759 ||| FLEEEEING.
  6760 | D:7      | 6760 ||| FLEEEEING.
  6761 | D:7      | 6761 ||| FLEEEEING.
  6762 | D:7      | 6762 ||| FLEEEEING.
  6763 | D:7      | 6763 ||| FLEEEEING.
  6764 | D:7      | 6764 ||| FLEEEEING.
  6765 | D:7      | 6765 ||| FLEEEEING.
  6766 | D:7      | 6766 ||| FLEEEEING.
  6767 | D:7      | 6767 ||| FLEEEEING.
  6768 | D:7      | 6768 ||| FLEEEEING.
  6769 | D:7      | 6769 ||| FLEEEEING.
  6770 | D:7      | 6770 ||| FLEEEEING.
  6771 | D:7      | 6771 ||| FLEEEEING.
  6772 | D:7      | 6772 ||| FLEEEEING.
  6774 | D:7      | 6774 ||| STAIRDANCE
  6848 | D:6      | 6848 ||| DRINKING 2 dark potions.
  6891 | D:7      | Reached skill level 11 in Ranged Weapons
  6893 | Temple   | Entered the Ecumenical Temple
  7147 | Temple   | 7147 ||| PLANNING D:1-11
  7191 | D:7      | 7191 ||| Stepping ~*~*~tactically~*~*~ (outnumbered).
  7604 | D:7      | 7604 ||| READING scroll of enchant weapon.
  7604 | D:7      | 7604 ||| ENCHANTING +1 orcbow.
  7605 | D:7      | 7605 ||| READING scroll labelled QAANEL NINAR.
  7682 | D:8      | 7682 ||| Stepping ~*~*~tactically~*~*~ (outnumbered).
  7821 | D:8      | 7821 ||| Stepping ~*~*~tactically~*~*~ (outnumbered).
  7829 | D:8      | Reached skill level 12 in Ranged Weapons
  7836 | D:8      | HP: 18/79 [poisoned by a gnoll sergeant]
  7837 | D:8      | 7837 ||| READING scroll of teleportation.
  7838 | D:8      | 7838 ||| DRINKING potion of heal wounds.
  7840 | D:8      | Found an iron altar of Okawaru.
  7841 | D:8      | 7841 ||| PLANNING OKAWARU WORSHIP
  7841 | D:8      | 7841 ||| Stepping ~*~*~tactically~*~*~ (outnumbered).
  7841 | D:8      | HP: 8/79 [poisoned by a gnoll sergeant]
  7843 | D:8      | HP: 1/79 [poisoned by a gnoll sergeant]
  7844 | D:8      | Succumbed to a gnoll sergeant's poison

Levels and vault maps discovered:
D:1:      nicolae_arrival_memento_mori, layout_basic,
          hellmonk_ecumenical_altar_inner_sanctum
D:2:      layout_loops_ring, serial_shops, nicolae_shop_mannequins
D:3:      layout_loops_ring, grunt_decor_mini_mirrors
D:4:      layout_loops_ring, serial_demonic, serial_demonic_g, serial_demonic_c,
          serial_demonic_b, serial_demonic_e, uniq_edmund
D:5:      layout_loops_corners, worldfamousw_hep_ancestral_shrine,
          lemuel_flamethrower_2
D:6:      layout_layer_cave, mainiacjoe_overflow_alcove_4,
          gammafunk_ghost_nasty_kobolds
D:7:      layout_cave_pools, mainiacjoe_overflow_24_doors,
          nicolae_overflow_crystal_walls, vehumet_statue,
          minmay_temple_entry_proselytizer, serial_gnoll_camp,
          gnoll_camp_huts_moat, gnoll_camp_mini_hut, gnoll_camp_mini_loothouse,
          gnoll_camp_mini_hut, grums_kennel, gnoll_camp_mini_doghouse
D:8:      layout_basic, mainiacjoe_overflow_boulevard, led_xom_imps,
          dpeg_oklobed_lair, serial_shops, shop, uniq_psyche
Temple:   compressed_dpeg_triangle_lava_temple

Skill      XL: |  1  2  3  4  5  6  7  8  9 |
---------------+----------------------------+-----
Ranged Weapons | 3 4 5 7 9 10 12 | 12.0
Fighting       | 2 4 5 7 |  7.5
Armour         | 1 2 3 |  3.1
Dodging        | 3 4 |  4.0
Spellcasting   | |  1.0
Hexes          | |  2.0

Action                     |  1- 3 |  4- 6 |  7- 9 || total
---------------------------+-------+-------+-------++-------
   Fire: Sling             |   125 |   181 |   168 ||   474
         Orcbow            |       |       |   322 ||   322
    Use: Scroll            |     3 |     3 |    11 ||    17
         Potion            |     1 |       |     3 ||     4
 Armour: Robe              |     7 |       |       ||     7
         Ring mail         |     6 |    64 |   185 ||   255
  Dodge: Dodged            |    31 |    80 |   209 ||   320

Table legend:
 A = Non-vault XP
 B = Vault XP
 C = Vault XP percentage of total XP
 D = Non-vault monster count
 E = Vault monster count
 F = Vault count percentage of total count
                 A         B        C        D         E       F
            +---------+---------+-------+---------+---------+-------
      Total |    2571 |    1577 |  38.0 |     148 |      51 |  25.6
            +---------+---------+-------+---------+---------+-------
        D:1 |      62 |       0 |   0.0 |      32 |       0 |   0.0
        D:2 |      30 |       0 |   0.0 |      11 |       0 |   0.0
        D:3 |      57 |       0 |   0.0 |      19 |       0 |   0.0
        D:4 |     545 |     259 |  32.2 |      31 |       8 |  20.5
        D:5 |     644 |       0 |   0.0 |      19 |       0 |   0.0
        D:6 |     381 |       0 |   0.0 |       8 |       0 |   0.0
        D:7 |     544 |    1318 |  70.8 |      15 |      43 |  74.1
        D:8 |     308 |       0 |   0.0 |      13 |       0 |   0.0
            +---------+---------+-------+---------+---------+-------
